 Dungeon Crawl Stone Soup version 0.27.0-65-ge2af304b15 (webtiles) character file.

Game seed: 5027095019897269971

6 Amplified the Magician (level 2, -5/20 HPs)
             Began as a Human Hedge Wizard on Aug 19, 2021.
             Succumbed to a kobold's poison
             ... on level 1 of the Dungeon.
             The game lasted 00:01:06 (329 turns).

Amplified the Magician (Human Hedge Wizard)          Turns: 329, Time: 00:01:06

Health: -5/20      AC:  2    Str: 10    XL:     2   Next: 0%
Magic:  6/6        EV: 12    Int: 14    God:
Gold:   0          SH:  0    Dex: 12    Spells: 6/7 levels left

rFire    . . .     SeeInvis .   e - +1 mace (pain)
rCold    . . .     Faith    .   (no shield)
rNeg     . . .     Spirit   .   b - +0 robe
rPois    .         Reflect  .   c - +0 hat
rElec    .         Harm     .   (no cloak)
rCorr    .         Rampage  .   (no gloves)
Will     .....                  (no boots)
Stlth    ++........             (no amulet)
HPRegen  0.06/turn              (no ring)
MPRegen  0.10/turn              (no ring)

@: lethally poisoned (-5 -> -25)
A: no striking features
a: no special abilities


You were on level 1 of the Dungeon.
You visited 1 branch of the dungeon, and saw 1 of its levels.

Inventory:

Hand Weapons
 a - a +0 dagger
 e - a +1 mace of pain (weapon)
Armour
 b - a +0 robe (worn)
 c - a +0 hat (worn)


   Skills:
 * Level 0.5 Fighting
 * Level 0.0 Maces & Flails
 * Level 0.4 Armour
 - Level 2.0 Dodging
 - Level 2.0 Stealth
 * Level 3.1 Spellcasting
 - Level 1.0 Conjurations
 - Level 1.0 Summonings
 * Level 0.1 Necromancy
 - Level 1.0 Translocations


You had 6 spell levels left.
You knew the following spells:

 Your Spells              Type           Power      Damage    Failure   Level
a - Magic Dart            Conj           16%        1d3       14%         1

Your spell library contained the following spells:

 Spells                   Type           Power      Damage    Failure   Level
 Blink                    Tloc           N/A        N/A       22%         2
 Call Imp                 Summ           4%         N/A       22%         2
 Slow                     Hex            2%         N/A       32%         2
 Conjure Flame            Conj/Fire      3%         6-21      45%         3
 Mephitic Cloud           Conj/Pois/Air  3%         N/A       50%         3


Dungeon Overview and Level Annotations

Branches:
Dungeon (1/15)

Altars:


Message History

A ball python is nearby!
A ball python is nearby!
A ball python is nearby!
No reachable target in view!
Found a ring mail.
The ball python hisses angrily.
You hit the ball python.
You kill the ball python!
You have reached level 2!
You start resting.
The goblin splashes around in the water.
The goblin hits the plant with a +0 club.
The plant begins to die.
You enter the shallow water.
Moving in this stuff is going to be slow.
A nearby plant withers and dies.
A kobold comes into view. It is wielding a +1 dagger of venom.
The kobold moves out of view.
The kobold hits you with a +1 dagger of venom.
You are poisoned.
You barely miss the kobold.
You feel sick.
The kobold hits you with a +1 dagger of venom.
You are lethally poisoned!
Unknown command.
You aren't carrying any potions.
Unknown command.
Okay, then.
As you read the scroll labelled FINNOMU AHOK, it crumbles to dust.
It is a scroll of amnesia.
Really abort (and waste the scroll)?
Okay, then.
* * * LOW HITPOINT WARNING * * *
You feel very sick.
The kobold hits you with a +1 dagger of venom.
* * * LOW HITPOINT WARNING * * *
You are more poisoned.
Unknown command.
Unknown command.
You closely miss the kobold.
You die...

.......# #....≈≈P≈≈≈...
######.## #.#..≈P≈≈≈≈...
#######.# #.....P.≈≈≈.≈≈≈
#≈≈≈÷##.#.#.#)....≈≈≈.P≈≈
#≈≈≈≈≈#.#.#.####..P≈≈≈≈≈≈
#≈≈#≈≈#.#.#.# #.≈≈≈≈≈≈≈.
#≈≈≈§☼#.#.#.####..≈≈≈≈≈≈.
#≈≈○○☼#.#.#.......P≈≈≈≈≈≈
#≈≈○≈≈#.#.######@...P≈≈≈≈
#≈≈☼≈°#.#.# #.K.≈≈≈≈≈. #
☼#°○#...# #†#.≈P≈≈≈≈
#≈≈≈○☼#...# #.#..≈≈≈≈≈
#≈≈○○☼#...######.#...P≈≈≈
#≈≈≈ #...##........P≈≈≈≈
#### #...##........≈.≈≈≈
#.#.##........≈≈≈≈≈
#.#.####......≈P≈≈.


You could see a kobold.

Vanquished Creatures
  3 goblins (D:1)
  2 ball pythons (D:1)
  A kobold (D:1)
6 creatures vanquished.

Vanquished Creatures (others)
  7 plants (D:1)
7 creatures vanquished.

Grand Total: 13 creatures vanquished

Notes
Turn   | Place    | Note
-------+----------+-------------------------------------------
     0 | D:1      | Amplified the Human Hedge Wizard began the quest for the
                  | Orb.
     0 | D:1      | Reached XP level 1. HP: 13/13 MP: 4/4
   308 | D:1      | Reached XP level 2. HP: 16/20 MP: 6/6
   328 | D:1      | HP: 1/20 [kobold (3)]
   329 | D:1      | Succumbed to a kobold's poison

Illustrated notes

Levels and vault maps discovered:
D:1:      saegor_arrival_miasma, layout_basic, chequers_big_river

Action                   || total
-------------------------++-------
Melee: Dagger            ||     9
       Mace              ||     8
 Cast: Magic Dart        ||     2
  Use: Scroll            ||     2
Armor: Robe              ||     2
Dodge: Dodged            ||     7
